General information
- name: BNet
- type: Ladder team game (AT/RT)
- host: Battle.net
- saver: DeathToPigWomen
map: TwilightRuins
- players: 8
- length: 44:44
- speed: Fast
- version: 1.28 W3XP
- replay type: Public
» download(458 KB)
Players
team 1 (winner)
orisaOnline (
orange | 123 APM | 4028 actions | 32:45)
7 Mountain King
3 Storm Bolt
3 Bash
1 Avatar
7 Paladin
3 Holy Light
3 Divine Shield
1 Resurrection
» actions
| Assign group hotkey | 31 | |
| Basic commands | 277 | |
| Build / train | 98 | |
| ESC pressed | 7 | |
| Enter build submenu | 26 | |
| Enter hero's abilities submenu | 14 | |
| Right click | 1646 | |
| Select / deselect | 464 | |
| Select group hotkey | 1312 | |
| Use ability | 153 | |
4028 total
» units
| Peasant | 19 | |
| Footman | 7 | |
| Rifleman | 3 | |
| Knight | 10 | |
39 total
» upgrades
| Defend | 1 | |
| Swords | 3 | |
| Plating | 3 | |
| Long Rifles | 1 | |
| Gunpowder | 2 | |
| Lumber Harvesting | 1 | |
| Animal War Training | 1 | |
| Armor | 1 | |
13 total
» buildings
| Altar of Kings | 1 | |
| Barracks | 3 | |
| Farm | 12 | |
| Scout Tower | 4 | |
| Arcane Vault | 1 | |
| Arcane Tower | 2 | |
| Lumber Mill | 1 | |
| Town Hall | 2 | |
| Keep | 1 | |
| Guard Tower | 4 | |
| Blacksmith | 1 | |
| Castle | 1 | |
33 total
» build order
00:02 Altar of Kings
00:06 Barracks
00:17 Farm
00:51 Farm
01:25 Farm
01:51 Scout Tower
02:15 Arcane Vault
03:07 Arcane Tower
03:10 Lumber Mill
03:16 Farm
04:24 Farm
04:53 Town Hall
04:53 Scout Tower
04:54 Scout Tower
05:07 Scout Tower
05:49 Keep
06:12 Guard Tower
06:22 Blacksmith
06:35 Guard Tower
06:35 Guard Tower
06:36 Guard Tower
07:11 Arcane Tower
08:12 Castle
08:17 Barracks
08:43 Farm
10:56 Farm
12:17 Farm
12:18 Farm
15:22 Farm
15:22 Farm
15:23 Farm
26:23 Barracks
28:03 Town Hall
» items
| Lesser Clarity Potion | 4 | |
| Scroll of Regeneration | 4 | |
| Scroll of Town Portal | 6 | |
| Boots of Speed | 1 | |
| Potion of Healing | 3 | |
| Potion of Mana | 2 | |
| Staff of Sanctuary | 1 | |
| Orb of Fire | 1 | |
22 total

»
fuuuuuuuuuuu (
yellow | 82 APM | 3052 actions | 37:12)
9 Mountain King
3 Storm Bolt
3 Thunder Clap
1 Avatar
2 Bash
» actions
| Assign group hotkey | 49 | |
| Basic commands | 491 | |
| Build / train | 128 | |
| ESC pressed | 15 | |
| Enter build submenu | 58 | |
| Enter hero's abilities submenu | 9 | |
| Give item / drop item | 3 | |
| Right click | 864 | |
| Select / deselect | 576 | |
| Select group hotkey | 737 | |
| Use ability | 122 | |
3052 total
» units
| Peasant | 25 | |
| Footman | 6 | |
| Rifleman | 22 | |
| Goblin Shredder | 1 | |
| Spell Breaker | 19 | |
73 total
» upgrades
| Defend | 2 | |
| Lumber Harvesting | 2 | |
| Long Rifles | 1 | |
| Gunpowder | 3 | |
| Armor | 4 | |
| Control Magic | 1 | |
| Animal War Training | 1 | |
| Magic Sentry | 1 | |
| Swords | 3 | |
| Plating | 1 | |
19 total
» buildings
| Barracks | 2 | |
| Farm | 14 | |
| Altar of Kings | 1 | |
| Arcane Vault | 2 | |
| Lumber Mill | 1 | |
| Keep | 1 | |
| Scout Tower | 21 | |
| Guard Tower | 14 | |
| Town Hall | 5 | |
| Blacksmith | 1 | |
| Arcane Tower | 1 | |
| Castle | 1 | |
| Arcane Sanctum | 2 | |
66 total
» build order
00:09 Barracks
00:19 Farm
00:25 Altar of Kings
00:57 Farm
02:06 Farm
02:07 Farm
02:18 Arcane Vault
02:23 Arcane Vault
02:48 Lumber Mill
03:23 Keep
04:29 Farm
04:30 Scout Tower
05:34 Guard Tower
05:53 Town Hall
05:54 Scout Tower
05:55 Scout Tower
05:56 Scout Tower
06:05 Blacksmith
06:23 Guard Tower
06:24 Guard Tower
07:54 Barracks
08:05 Arcane Tower
08:09 Scout Tower
08:10 Scout Tower
08:19 Farm
08:20 Farm
08:43 Guard Tower
09:35 Guard Tower
10:13 Castle
10:28 Arcane Sanctum
10:48 Farm
10:49 Farm
11:30 Arcane Sanctum
13:33 Farm
13:35 Farm
14:56 Farm
14:57 Farm
14:57 Farm
18:10 Scout Tower
18:11 Scout Tower
18:33 Scout Tower
18:35 Scout Tower
18:36 Scout Tower
18:36 Scout Tower
18:37 Scout Tower
19:23 Guard Tower
19:27 Scout Tower
19:29 Scout Tower
19:29 Scout Tower
20:07 Guard Tower
20:08 Guard Tower
20:23 Guard Tower
21:01 Guard Tower
26:16 Town Hall
26:18 Scout Tower
26:18 Scout Tower
26:19 Scout Tower
26:20 Town Hall
26:36 Scout Tower
26:37 Scout Tower
26:54 Guard Tower
27:03 Guard Tower
27:04 Guard Tower
27:13 Guard Tower
29:36 Town Hall
33:36 Town Hall
» items
| Scroll of Regeneration | 4 | |
| Lesser Clarity Potion | 2 | |
| Potion of Mana | 1 | |
| Scroll of Town Portal | 1 | |
8 total
mildebas (
red | 73 APM | 3062 actions | 41:45)
6 Death Knight
2 Unholy Aura
2 Death Coil
1 Death Pact
1 Animate Dead
» actions
| Assign group hotkey | 47 | |
| Basic commands | 2 | |
| Build / train | 88 | |
| Enter build submenu | 32 | |
| Enter hero's abilities submenu | 6 | |
| Give item / drop item | 2 | |
| Remove unit from queue | 2 | |
| Right click | 1184 | |
| Select / deselect | 457 | |
| Select group hotkey | 1168 | |
| Use ability | 74 | |
3062 total
» units
| Acolyte | 18 | |
| Ghoul | 11 | |
| Crypt Fiend | 20 | |
| Obsidian Statue | 4 | |
| Meatwagon | 5 | |
58 total
» upgrades
| Creature Attack | 3 | |
| Creature Carapace | 3 | |
| Web | 1 | |
| Burrow | 1 | |
8 total
» buildings
| Ziggurat | 9 | |
| Crypt | 2 | |
| Altar of Darkness | 2 | |
| Nerubian Tower | 3 | |
| Graveyard | 2 | |
| Tomb of Relics | 1 | |
| Spirit Tower | 4 | |
| Halls of the Dead | 1 | |
| Slaughterhouse | 1 | |
| Black Citadel | 1 | |
| Necropolis | 1 | |
27 total
» build order
00:12 Ziggurat
00:18 Crypt
00:37 Altar of Darkness
00:57 Ziggurat
01:16 Nerubian Tower
01:51 Crypt
02:25 Nerubian Tower
02:58 Ziggurat
03:21 Graveyard
05:08 Tomb of Relics
05:37 Ziggurat
05:43 Ziggurat
05:54 Ziggurat
06:30 Ziggurat
07:36 Spirit Tower
07:47 Spirit Tower
08:14 Halls of the Dead
09:06 Spirit Tower
12:55 Spirit Tower
13:32 Slaughterhouse
15:02 Ziggurat
15:36 Nerubian Tower
15:45 Ziggurat
17:43 Black Citadel
37:07 Altar of Darkness
37:40 Graveyard
39:35 Necropolis
» items
| Potion of Healing | 1 | |
| Scroll of Town Portal | 4 | |
5 total
DeathToPigWomen (
pink | 59 APM | 2618 actions | 44:44)
7 Archmage
3 Summon Water Elemental
3 Brilliance Aura
1 Mass Teleport
» actions
| Assign group hotkey | 39 | |
| Basic commands | 213 | |
| Build / train | 89 | |
| Enter build submenu | 74 | |
| Enter hero's abilities submenu | 7 | |
| Give item / drop item | 9 | |
| Right click | 843 | |
| Select / deselect | 508 | |
| Select group hotkey | 583 | |
| Use ability | 252 | |
2618 total
» units
| Peasant | 13 | |
| Footman | 4 | |
| Goblin Shredder | 1 | |
| Gryphon Rider | 4 | |
| Goblin Sapper | 14 | |
36 total
» upgrades
| Storm Hammers | 1 | |
| Swords | 3 | |
| Armor | 3 | |
| Masonry | 3 | |
| Animal War Training | 1 | |
| Cloud | 1 | |
12 total
» buildings
| Altar of Kings | 1 | |
| Barracks | 1 | |
| Farm | 10 | |
| Lumber Mill | 1 | |
| Keep | 1 | |
| Town Hall | 3 | |
| Arcane Vault | 3 | |
| Castle | 1 | |
| Gryphon Aviary | 6 | |
| Blacksmith | 2 | |
| Scout Tower | 62 | |
| Guard Tower | 13 | |
| Arcane Tower | 1 | |
105 total
» build order
00:50 Altar of Kings
00:53 Barracks
00:55 Farm
01:04 Farm
01:10 Farm
01:58 Farm
02:37 Lumber Mill
03:28 Keep
04:34 Town Hall
06:03 Arcane Vault
06:40 Castle
07:27 Gryphon Aviary
07:28 Gryphon Aviary
07:29 Gryphon Aviary
07:30 Gryphon Aviary
07:33 Blacksmith
07:35 Blacksmith
07:38 Farm
07:58 Scout Tower
07:59 Scout Tower
08:01 Scout Tower
08:06 Scout Tower
08:14 Scout Tower
08:54 Guard Tower
08:55 Arcane Tower
08:57 Guard Tower
13:25 Scout Tower
13:26 Scout Tower
13:26 Scout Tower
13:28 Scout Tower
13:29 Scout Tower
14:07 Guard Tower
14:11 Guard Tower
16:17 Scout Tower
16:18 Scout Tower
16:18 Scout Tower
16:19 Scout Tower
16:19 Scout Tower
16:19 Scout Tower
16:21 Scout Tower
16:21 Scout Tower
16:21 Scout Tower
16:22 Scout Tower
16:22 Scout Tower
16:23 Scout Tower
17:11 Guard Tower
17:46 Arcane Vault
17:51 Scout Tower
17:51 Scout Tower
17:52 Scout Tower
17:53 Scout Tower
17:54 Scout Tower
17:54 Scout Tower
17:55 Scout Tower
17:55 Scout Tower
18:39 Guard Tower
18:44 Scout Tower
18:44 Scout Tower
18:44 Scout Tower
18:45 Scout Tower
18:45 Scout Tower
18:46 Scout Tower
18:46 Scout Tower
18:47 Scout Tower
18:47 Scout Tower
19:17 Town Hall
19:20 Scout Tower
19:20 Scout Tower
19:21 Scout Tower
19:22 Scout Tower
19:23 Scout Tower
19:26 Scout Tower
19:27 Scout Tower
19:28 Scout Tower
19:28 Scout Tower
19:29 Scout Tower
19:30 Scout Tower
19:31 Arcane Vault
19:32 Scout Tower
19:32 Scout Tower
19:46 Guard Tower
19:58 Guard Tower
20:11 Guard Tower
20:21 Scout Tower
20:22 Scout Tower
20:24 Scout Tower
20:26 Scout Tower
20:31 Scout Tower
20:33 Scout Tower
21:04 Guard Tower
22:05 Guard Tower
24:14 Farm
24:16 Farm
24:18 Farm
24:22 Farm
24:24 Farm
25:10 Guard Tower
26:27 Gryphon Aviary
26:30 Gryphon Aviary
30:47 Town Hall
30:51 Scout Tower
30:51 Scout Tower
30:52 Scout Tower
30:53 Scout Tower
32:19 Guard Tower
» items
| Scroll of Regeneration | 3 | |
| Mechanical Critter | 7 | |
| Pendant of Energy | 1 | |
| Sentry Wards | 1 | |
| Potion of Healing | 1 | |
| Scroll of Town Portal | 1 | |
| Periapt of Vitality | 2 | |
| Staff of Teleportation | 1 | |
17 total
team 2 (loser)

»
1618 (
green | 67 APM | 2883 actions | 43:08)
4 Dreadlord
2 Carrion Swarm
2 Vampiric Aura
4 Death Knight
2 Death Coil
2 Unholy Aura
4 Lich
2 Frost Nova
2 Frost Armor
» actions
| Assign group hotkey | 49 | |
| Basic commands | 73 | |
| Build / train | 79 | |
| ESC pressed | 8 | |
| Enter build submenu | 28 | |
| Enter hero's abilities submenu | 13 | |
| Give item / drop item | 5 | |
| Right click | 1055 | |
| Select / deselect | 578 | |
| Select group hotkey | 867 | |
| Use ability | 128 | |
2883 total
» units
| Acolyte | 15 | |
| Ghoul | 7 | |
| Frost Wyrm | 9 | |
| Goblin Sapper | 1 | |
| Goblin Zeppelin | 1 | |
| Gargoyle | 1 | |
34 total
» upgrades
| Ghoul Frenzy | 1 | |
| Freezing Breath | 1 | |
| Creature Attack | 2 | |
| Creature Carapace | 1 | |
5 total
» buildings
| Crypt | 1 | |
| Ziggurat | 9 | |
| Altar of Darkness | 1 | |
| Graveyard | 1 | |
| Tomb of Relics | 2 | |
| Halls of the Dead | 1 | |
| Nerubian Tower | 2 | |
| Black Citadel | 3 | |
| Necropolis | 3 | |
| Sacrificial Pit | 2 | |
| Boneyard | 3 | |
| Spirit Tower | 1 | |
29 total
» build order
00:08 Crypt
00:22 Ziggurat
00:36 Altar of Darkness
00:55 Graveyard
01:48 Tomb of Relics
02:01 Ziggurat
02:47 Halls of the Dead
03:28 Ziggurat
04:46 Nerubian Tower
05:08 Black Citadel
05:41 Black Citadel
05:41 Black Citadel
06:00 Ziggurat
07:24 Necropolis
07:45 Sacrificial Pit
07:46 Sacrificial Pit
08:54 Boneyard
10:17 Boneyard
10:36 Boneyard
10:53 Nerubian Tower
11:14 Ziggurat
11:15 Ziggurat
12:39 Spirit Tower
12:42 Ziggurat
12:43 Ziggurat
17:29 Necropolis
21:19 Ziggurat
24:03 Necropolis
26:49 Tomb of Relics
» items
| Rod of Necromancy | 2 | |
| Sacrificial Skull | 1 | |
| Boots of Speed | 3 | |
| Scroll of Protection | 1 | |
| Orb of Corruption | 1 | |
| Sentry Wards | 1 | |
| Claws of Attack +6 | 1 | |
| Gloves of Haste | 1 | |
| Potion of Greater Mana | 1 | |
| Potion of Healing | 2 | |
| Scroll of Town Portal | 1 | |
| Lesser Clarity Potion | 2 | |
17 total

»
Gaia[GGL] (
teal | 72 APM | 1267 actions | 17:33)
4 Mountain King
2 Storm Bolt
2 Bash
» actions
| Assign group hotkey | 17 | |
| Basic commands | 3 | |
| Build / train | 57 | |
| Enter build submenu | 24 | |
| Enter hero's abilities submenu | 4 | |
| Give item / drop item | 1 | |
| Remove unit from queue | 2 | |
| Right click | 607 | |
| Select / deselect | 207 | |
| Select group hotkey | 285 | |
| Use ability | 60 | |
1267 total
» units
| Peasant | 18 | |
| Footman | 5 | |
| Goblin Shredder | 1 | |
| Knight | 5 | |
29 total
» upgrades
| Masonry | 1 | |
| Swords | 3 | |
| Plating | 3 | |
| Animal War Training | 1 | |
8 total
» buildings
| Altar of Kings | 1 | |
| Barracks | 3 | |
| Farm | 14 | |
| Arcane Vault | 1 | |
| Town Hall | 2 | |
| Scout Tower | 4 | |
| Lumber Mill | 1 | |
| Keep | 1 | |
| Guard Tower | 1 | |
| Blacksmith | 1 | |
| Castle | 1 | |
30 total
» build order
00:08 Altar of Kings
00:12 Barracks
00:25 Farm
00:40 Farm
01:55 Barracks
02:16 Farm
02:20 Farm
02:21 Farm
02:22 Farm
02:23 Farm
02:23 Farm
02:51 Arcane Vault
05:36 Town Hall
05:39 Scout Tower
05:40 Scout Tower
05:44 Scout Tower
05:48 Scout Tower
05:56 Farm
05:59 Farm
06:01 Farm
06:05 Farm
06:16 Lumber Mill
06:31 Keep
07:24 Guard Tower
08:00 Blacksmith
08:39 Barracks
09:44 Castle
10:20 Farm
10:21 Farm
15:29 Town Hall
» items
| Scroll of Regeneration | 4 | |
| Lesser Clarity Potion | 1 | |
| Scroll of Town Portal | 2 | |
| Potion of Healing | 3 | |
10 total
EATTHIS (
purple | 114 APM | 5114 actions | 44:42)
7 Archmage
3 Summon Water Elemental
3 Brilliance Aura
1 Mass Teleport
7 Pandaren Brewmaster
3 Breath of Fire
3 Drunken Haze
1 Drunken Brawler
» actions
| Assign group hotkey | 86 | |
| Basic commands | 409 | |
| Build / train | 173 | |
| ESC pressed | 4 | |
| Enter build submenu | 57 | |
| Enter hero's abilities submenu | 16 | |
| Give item / drop item | 7 | |
| Right click | 1554 | |
| Select / deselect | 784 | |
| Select group hotkey | 1686 | |
| Use ability | 338 | |
5114 total
» units
| Peasant | 13 | |
| Footman | 6 | |
| Rifleman | 8 | |
| Goblin Shredder | 3 | |
| Priest | 4 | |
| Goblin Sapper | 3 | |
| Sorceress | 4 | |
| Spell Breaker | 3 | |
| Gryphon Rider | 5 | |
| Mortar Team | 3 | |
52 total
» upgrades
| Gunpowder | 3 | |
| Lumber Harvesting | 1 | |
| Armor | 3 | |
| Long Rifles | 1 | |
| Masonry | 3 | |
| Sorceress Training | 2 | |
| Priest Training | 2 | |
| Storm Hammers | 1 | |
| Cloud | 1 | |
| Swords | 4 | |
| Plating | 3 | |
| Fragmentation Shards | 1 | |
| Flare | 1 | |
| Control Magic | 1 | |
| Animal War Training | 1 | |
28 total
» buildings
| Altar of Kings | 1 | |
| Barracks | 1 | |
| Farm | 15 | |
| Blacksmith | 1 | |
| Arcane Vault | 1 | |
| Keep | 2 | |
| Town Hall | 3 | |
| Scout Tower | 24 | |
| Lumber Mill | 1 | |
| Arcane Tower | 1 | |
| Castle | 2 | |
| Arcane Sanctum | 3 | |
| Guard Tower | 21 | |
| Gryphon Aviary | 3 | |
| Workshop | 2 | |
81 total
» build order
00:51 Altar of Kings
00:53 Barracks
00:57 Farm
01:06 Farm
02:01 Farm
02:03 Farm
02:10 Blacksmith
02:32 Arcane Vault
03:15 Farm
03:52 Keep
03:52 Keep
05:02 Town Hall
06:02 Scout Tower
06:05 Lumber Mill
07:31 Arcane Tower
07:41 Castle
07:41 Castle
08:32 Scout Tower
08:34 Scout Tower
08:35 Scout Tower
09:02 Arcane Sanctum
09:06 Arcane Sanctum
09:07 Guard Tower
09:36 Farm
09:43 Farm
09:56 Scout Tower
09:57 Scout Tower
09:58 Scout Tower
10:00 Scout Tower
12:13 Gryphon Aviary
12:15 Gryphon Aviary
12:16 Gryphon Aviary
15:05 Arcane Sanctum
15:30 Farm
15:31 Farm
16:53 Guard Tower
16:53 Guard Tower
17:12 Workshop
17:13 Workshop
17:17 Scout Tower
17:20 Scout Tower
17:40 Farm
17:40 Farm
17:42 Farm
17:44 Farm
18:24 Guard Tower
18:24 Guard Tower
19:34 Farm
19:35 Farm
19:39 Scout Tower
19:40 Scout Tower
20:10 Scout Tower
20:11 Scout Tower
21:21 Guard Tower
21:21 Guard Tower
28:48 Town Hall
28:49 Scout Tower
28:50 Scout Tower
28:51 Scout Tower
28:52 Scout Tower
28:59 Scout Tower
29:01 Scout Tower
29:18 Guard Tower
29:18 Guard Tower
29:18 Guard Tower
29:20 Guard Tower
29:20 Guard Tower
29:35 Guard Tower
29:35 Guard Tower
30:14 Guard Tower
30:14 Guard Tower
30:14 Guard Tower
38:06 Town Hall
38:09 Scout Tower
38:11 Scout Tower
38:14 Scout Tower
38:16 Scout Tower
38:45 Guard Tower
38:45 Guard Tower
38:53 Guard Tower
38:53 Guard Tower
» items
| Scroll of Regeneration | 10 | |
| Mechanical Critter | 3 | |
| Ring of Regeneration | 1 | |
| Scroll of Town Portal | 6 | |
| Staff of Sanctuary | 1 | |
| Potion of Lesser Invulnerability | 3 | |
| Scroll of Protection | 1 | |
| Boots of Speed | 1 | |
| Claws of Attack +9 | 2 | |
| Potion of Invulnerability | 1 | |
| Orb of Fire | 1 | |
| Potion of Mana | 1 | |
| Lesser Clarity Potion | 1 | |
32 total
Sephi (
blue | 62 APM | 1445 actions | 23:09)
4 Demon Hunter
1 Mana Burn
2 Evasion
1 Immolation
» actions
| Assign group hotkey | 44 | |
| Basic commands | 86 | |
| Build / train | 61 | |
| ESC pressed | 2 | |
| Enter build submenu | 15 | |
| Enter hero's abilities submenu | 4 | |
| Give item / drop item | 3 | |
| Right click | 451 | |
| Select / deselect | 340 | |
| Select group hotkey | 367 | |
| Use ability | 72 | |
1445 total
» units
| Wisp | 11 | |
| Huntress | 9 | |
| Archer | 9 | |
| Druid of the Talon | 6 | |
| Hippogryph | 7 | |
42 total
» upgrades
| Ultravision | 1 | |
| Strength of the Wild | 1 | |
| Reinforced Hides | 1 | |
| Sentinel | 1 | |
| Druid of the Talon Training | 1 | |
| Nature's Blessing | 1 | |
| Improved Bows | 1 | |
7 total
» buildings
| Altar of Elders | 1 | |
| Moon Well | 5 | |
| Ancient of War | 2 | |
| Hunter's Hall | 1 | |
| Ancient Protector | 1 | |
| Tree of Ages | 1 | |
| Ancient of Wind | 2 | |
| Tree of Life | 1 | |
| Tree of Eternity | 1 | |
| Ancient of Wonders | 1 | |
16 total
» build order
00:07 Altar of Elders
00:18 Moon Well
01:55 Ancient of War
01:56 Ancient of War
01:59 Hunter's Hall
02:05 Moon Well
02:21 Moon Well
03:36 Ancient Protector
05:14 Moon Well
06:20 Tree of Ages
10:17 Ancient of Wind
10:20 Ancient of Wind
10:27 Moon Well
11:02 Tree of Life
16:47 Tree of Eternity
18:02 Ancient of Wonders
» items
| Claws of Attack +9 | 1 | |
| Ring of Protection +2 | 1 | |
| Replenishment Potion | 1 | |
| Slippers of Agility +3 | 1 | |
| Orb of Corruption | 1 | |
5 total
Chat log
(00:07 / All) DeathToPigWomen: wow! many pros this game
(00:10 / All) DeathToPigWomen: gl hf
(00:14 / All) Sephi: gl hf
(00:15 / All) Gaia[GGL]: hihi all ^_^
(00:18 / All) Gaia[GGL]: wow! many pros this game
(00:37 / All) fuuuuuuuuuuu: thanks man i just got my item im pretty much professional
(00:40 / All) fuuuuuuuuuuu: my icon*
(01:58 / All) fuuuuuuuuuuu: gaia wanna form a pact and team kill your team?
(02:52 / All) fuuuuuuuuuuu: guess thats a maybe
(06:59 / Allies) DeathToPigWomen: my stuffis in the red right now
(07:10 / Allies) fuuuuuuuuuuu: regen scroll
(07:33 / Allies) orisaOnline: ty
(07:44 / Allies) mildebas: 2
(08:01 / Allies) fuuuuuuuuuuu: lezz go
(08:08 / Allies) orisaOnline: need tp
(08:29 / Allies) DeathToPigWomen: need tower
(08:31 / Allies) DeathToPigWomen: and hall
(08:50 / Allies) fuuuuuuuuuuu: otw bb
(08:55 / All) Gaia[GGL]: red why u 2v1 like that bro
(11:27 / Allies) mildebas: 100 wood?
(11:32 / Allies) orisaOnline: im low
(12:01 / Allies) fuuuuuuuuuuu: gj pink with the gyphs already
(13:05 / Allies) fuuuuuuuuuuu: mass rifles haha
(13:40 / All) Gaia[GGL]: haha bye pink
(13:51 / All) DeathToPigWomen: was in my base punk
(13:57 / All) Gaia[GGL]: haha? bye
(14:38 / All) DeathToPigWomen: hi teal, PUNK
(14:57 / All) Gaia[GGL]: 1v1 me oj
(14:59 / All) DeathToPigWomen: eat that muthafucka
(15:17 / All) Gaia[GGL]: guess i win HAHA
(15:22 / All) fuuuuuuuuuuu: guess so D:
(15:33 / All) DeathToPigWomen: Feed me bro
(15:35 / All) DeathToPigWomen: I need mass tp
(15:38 / All) Gaia[GGL]: sorry was afk
(15:41 / All) fuuuuuuuuuuu: woops
(15:46 / All) fuuuuuuuuuuu: me too :D
(15:50 / All) DeathToPigWomen: Wow I'll be level 6 soon!
(16:04 / All) Gaia[GGL]: wow! very pro
(16:05 / All) DeathToPigWomen: THX
(16:08 / All) DeathToPigWomen: VERY THX! LEVEL 6!
(16:37 / All) DeathToPigWomen: THX! VERY THX! LEVEL 6!
(17:06 / All) fuuuuuuuuuuu: rekt fgt
(17:24 / All) Gaia[GGL]: me n blue only guys that made units all game
(17:25 / All) Gaia[GGL]: gg
(17:33 / All) DeathToPigWomen: Need a tissue?
(18:04 / All) fuuuuuuuuuuu: oh you sneaky fuck
(18:27 / All) orisaOnline: youre such a bad troll purple
(18:32 / All) EATTHIS: ?
(18:43 / All) EATTHIS: how have I been trolling lmao
(18:53 / All) orisaOnline: sick solo raids bro
(18:59 / All) EATTHIS: ty
(19:46 / Allies) fuuuuuuuuuuu: its just shitty lich lol
(19:48 / Allies) fuuuuuuuuuuu: kill zep
(20:34 / All) orisaOnline: zzzz
(20:38 / All) fuuuuuuuuuuu: zzzzzzzz indeed
(22:12 / All) fuuuuuuuuuuu: HI
(23:06 / All) Sephi: Gg
(23:09 / All) fuuuuuuuuuuu: gg
(23:10 / All) EATTHIS: raped
(24:21 / Allies) orisaOnline: u alone
(24:38 / Allies) orisaOnline: rezzed
(24:44 / Allies) orisaOnline: jfc
(25:06 / Allies) orisaOnline: gogo
(26:45 / All) fuuuuuuuuuuu: oh hi green
(28:03 / Allies) fuuuuuuuuuuu: gold osmeone
(28:04 / Allies) fuuuuuuuuuuu: fast
(28:26 / Allies) fuuuuuuuuuuu: oj gold me
(28:31 / Allies) orisaOnline: i need it dude
(28:34 / Allies) fuuuuuuuuuuu: just 100
(29:18 / Allies) orisaOnline: fight
(30:42 / Allies) orisaOnline: make him tp
(31:49 / Allies) fuuuuuuuuuuu: pink
(31:51 / Allies) fuuuuuuuuuuu: wtf oyu doing
(32:05 / Allies) orisaOnline: pos
(32:28 / All) orisaOnline: win trading LUL
(33:10 / All) fuuuuuuuuuuu: pink youre a faggot
(33:33 / All) EATTHIS: alt tabbed a sec and raped your whole army noob
(33:45 / All) fuuuuuuuuuuu: Lmao it wasnt you scrub
(33:51 / All) EATTHIS: make more excuses
(33:52 / All) fuuuuuuuuuuu: pinks a TKing faggot
(34:59 / All) DeathToPigWomen: My team don't deserve this win
(35:06 / All) DeathToPigWomen: I can't respect mass land units, only air superiority
(36:47 / All) fuuuuuuuuuuu: lmfao
(37:09 / All) fuuuuuuuuuuu: youre retarded as fuck pink but i got my icon already so idc its funny
(37:10 / All) fuuuuuuuuuuu: gg
(37:12 / All) DeathToPigWomen: I only respect aces in the sky, none of you grunts
(41:49 / All) DeathToPigWomen: welp
(41:49 / All) EATTHIS: Me and pink are going to kill everything
(41:54 / All) EATTHIS: including our own units
(41:56 / All) EATTHIS: wait
(41:57 / All) EATTHIS: nvm
(41:58 / All) EATTHIS: he left
(41:58 / All) DeathToPigWomen: guess I should have told him the score lawl
(42:00 / All) EATTHIS: you lose green
(42:01 / All) EATTHIS: SRRY
(42:50 / All) 1618: gg mats
(43:13 / All) EATTHIS: stats?
(43:26 / All) EATTHIS: my team is all above 50%
(43:27 / All) EATTHIS: I say they lose
(43:30 / All) DeathToPigWomen: wait
(43:37 / All) DeathToPigWomen: orange 69-57 and 1-0 solo
(44:00 / All) DeathToPigWomen: not sure how many u's yellow name has
(44:27 / All) DeathToPigWomen: he's 25-20
(44:32 / All) DeathToPigWomen: red under 50%
(44:40 / All) DeathToPigWomen: I say gaia lose tho
(44:42 / All) DeathToPigWomen: he's a fag lawl